APP
MISSOULA OSPREY @ HELENA BREWERS
08/08/2047
 
TOP OF THE 1ST
Missoula Osprey batting - Pitching for Helena Brewers : LHP Mike Moffett
Pitching: LHP Mike Moffett
Batting: RHB Hyeok Shon 0-0: Ground out U3 (Groundball, 3S, EV 80.6 MPH)
Batting: RHB Chris Jones 0-0: Foul Ball, location: 2F
0-1: Ball
1-1: Ball
2-1: Ball
3-1: Swinging Strike
3-2: Base on Balls
Batting: RHB Antonio Luisa 0-0: Ball
1-0: Called Strike
1-1: Swinging Strike
1-2: Ball
2-2: Foul Ball, location: 2F
2-2: Fielders Choice at 2nd, 6-4 (Groundball, 6, EV 79.4 MPH)
Batting: RHB Cesar Rendon 0-0: Fly out, F8 (Flyball, 8RD, EV 88.8 MPH)
Top of the 1st over - 0 runs, 0 hits, 0 errors, 1 left on base; Missoula 0 - Helena 0
BOTTOM OF THE 1ST
Helena Brewers batting - Pitching for Missoula Osprey : LHP Cory Youngquist
Pitching: LHP Cory Youngquist
Batting: RHB Wiliama Dana 0-0: Ball
1-0: Ball
2-0: Ball
3-0: Base on Balls
Batting: RHB Jeremy Harden 0-0: Foul Ball, location: 2F
0-1: Ball
1-1: 2-RUN HOME RUN (Flyball, 78XD, EV 104.4 MPH), Distance : 423 ft
Batting: RHB Tony Beaumond 0-0: Ball
1-0: Fly out, F7 (Flyball, 78S, EV 90.6 MPH)
Batting: RHB Michael Dickerson 0-0: Called Strike
0-1: Ball
1-1: Ball
2-1: Hit by Pitch
Batting: RHB Chris Fruit 0-0: Called Strike
0-1: Ground out 4-3 (Groundball, 34, EV 105.0 MPH)
Michael Dickerson to second
Batting: LHB Dusty Bryant 0-0: Ball
1-0: Fly out, F8 (Flyball, 8RM, EV 78.1 MPH)
Bottom of the 1st over - 2 runs, 1 hit, 0 errors, 1 left on base; Missoula 0 - Helena 2
TOP OF THE 2ND
Missoula Osprey batting - Pitching for Helena Brewers : LHP Mike Moffett
Batting: RHB Edwin Romero 0-0: Ball
1-0: Called Strike
1-1: Called Strike
1-2: Strikes out swinging
Batting: LHB Danny Salas 0-0: Ball
1-0: Called Strike
1-1: Ball
2-1: Swinging Strike
2-2: SINGLE (Groundball, 6M, EV 100.0 MPH)
Batting: RHB Isaiah Hampton 0-0: Called Strike
0-1: Foul Ball, location: 2F
0-2: Ball
Wild Pitch!
Danny Salas to second
1-2: Strikes out swinging
Batting: RHB David Powell 0-0: Foul Ball, location: 2F
0-1: Ball
1-1: Foul Ball, location: 2F
1-2: Fly out, F8 (Line Drive, 8LD, EV 91.2 MPH)
Top of the 2nd over - 0 runs, 1 hit, 0 errors, 1 left on base; Missoula 0 - Helena 2
BOTTOM OF THE 2ND
Helena Brewers batting - Pitching for Missoula Osprey : LHP Cory Youngquist
Batting: RHB Steve Errico 0-0: Ball
1-0: Swinging Strike
1-1: SINGLE (Groundball, 34D, EV 105.6 MPH)
Batting: LHB Jose Simental 0-0: Ball
1-0: Called Strike
1-1: Called Strike
1-2: Ball
2-2: Foul Ball, location: 2F
2-2: SINGLE (Groundball, 34S, EV 68.8 MPH) (infield hit)
Steve Errico to second
Batting: RHB Mohammed bin Ubaida 0-0: Ball
1-0: Called Strike
1-1: Called Strike
1-2: Foul Ball, location: 2F
1-2: Fly out, F7 (Flyball, 7, EV 88.1 MPH)
Batting: RHB Wiliama Dana 0-0: Ball
1-0: Swinging Strike
1-1: Foul Ball, location: 2F
1-2: Foul Ball, location: 2F
1-2: Foul Ball, location: 2F
1-2: Foul Ball, location: 2F
1-2: Strikes out looking
Batting: RHB Jeremy Harden 0-0: Ball
1-0: Ball
2-0: Foul Ball, location: 2F
2-1: Foul Ball, location: 2F
2-2: SINGLE (Line Drive, 89S, EV 85.6 MPH)
Steve Errico to third
Jose Simental to second
Runner from 3rd tries for Home, SAFE, throw by CF to home
Batting: RHB Tony Beaumond 0-0: 3-RUN HOME RUN (Flyball, 7D, EV 102.5 MPH), Distance : 379 ft
Batting: RHB Michael Dickerson 0-0: Ball
1-0: Ball
2-0: Called Strike
2-1: Called Strike
2-2: Foul Ball, location: 2F
2-2: Ground out 6-3 (Groundball, 56, EV 83.1 MPH)
Bottom of the 2nd over - 4 runs, 4 hits, 0 errors, 0 left on base; Missoula 0 - Helena 6
TOP OF THE 3RD
Missoula Osprey batting - Pitching for Helena Brewers : LHP Mike Moffett
Batting: RHB Devon House 0-0: Ball
1-0: Ball
2-0: Foul Ball, location: 2F
2-1: Foul Ball, location: 2F
2-2: Strikes out swinging
Batting: RHB Hyeok Shon 0-0: Fly out, F9 (Flyball, 9S, EV 95.0 MPH)
Batting: RHB Chris Jones 0-0: Ball
1-0: DOUBLE (Line Drive, 78D, EV 107.5 MPH)
Batting: RHB Antonio Luisa 0-0: Ball
1-0: DOUBLE (Groundball, 5L, EV 96.9 MPH)
Chris Jones scores
Batting: RHB Cesar Rendon 0-0: SINGLE (Line Drive, 78S, EV 86.9 MPH)
Antonio Luisa to third
Runner from 3rd tries for Home, SAFE, throw by CF to home
Batting: RHB Edwin Romero 0-0: Ball
Wild Pitch!
Cesar Rendon to second
1-0: Ball
2-0: Ball
3-0: Base on Balls
Batting: LHB Danny Salas 0-0: Called Strike
0-1: Foul Ball, location: 2F
0-2: Strikes out swinging
Top of the 3rd over - 2 runs, 3 hits, 0 errors, 2 left on base; Missoula 2 - Helena 6
BOTTOM OF THE 3RD
Helena Brewers batting - Pitching for Missoula Osprey : LHP Cory Youngquist
Batting: RHB Chris Fruit 0-0: Ball
1-0: Ball
2-0: Ball
3-0: Base on Balls
Pitching: LHP Liu-liang Zhu
Batting: LHB Dusty Bryant 0-0: Swinging Strike
0-1: Ball
1-1: Swinging Strike
1-2: Strikes out swinging
Batting: RHB Steve Errico 0-0: Ball
1-0: Ball
2-0: Grounds into double play, 6-4-3 (Groundball, 6M, EV 88.1 MPH)
Bottom of the 3rd over - 0 runs, 0 hits, 0 errors, 0 left on base; Missoula 2 - Helena 6
TOP OF THE 4TH
Missoula Osprey batting - Pitching for Helena Brewers : LHP Mike Moffett
Batting: RHB Isaiah Hampton 0-0: Ball
1-0: Ball
2-0: Foul Ball, location: 2F
2-1: Ball
3-1: Foul Ball, location: 2F
3-2: Strikes out swinging
Batting: RHB David Powell 0-0: Reached on error, E4 (Groundball, 4, EV 81.2 MPH)
Batting: RHB Devon House 0-0: Ball
1-0: SINGLE (Line Drive, 8RS, EV 89.4 MPH)
David Powell to third
Batting: RHB Hyeok Shon 0-0: Reached on error, E5 (Groundball, 5, EV 91.2 MPH)
David Powell scores
Devon House to second
Batting: RHB Chris Jones 0-0: Ball
1-0: Ball
2-0: Foul Ball, location: 2F
2-1: Foul Ball, location: 2F
2-2: Ball
3-2: Strikes out looking
Batting: RHB Antonio Luisa 0-0: SINGLE (Groundball, 6MD, EV 106.2 MPH)
Devon House to third
Hyeok Shon to second
Runner from 3rd tries for Home, SAFE, throw by CF to home
Batting: RHB Cesar Rendon 0-0: Called Strike
0-1: Ball
1-1: SINGLE (Groundball, 6MD, EV 105.6 MPH)
Hyeok Shon to third
Antonio Luisa to second
Runner from 3rd tries for Home, SAFE, throw by CF to home
Batting: RHB Edwin Romero 0-0: Called Strike
0-1: Ball
1-1: Ball
2-1: Foul Ball, location: 2F
2-2: Ground out 6-3 (Groundball, 6S, EV 94.4 MPH)
Top of the 4th over - 3 runs, 3 hits, 2 errors, 2 left on base; Missoula 5 - Helena 6
BOTTOM OF THE 4TH
Helena Brewers batting - Pitching for Missoula Osprey : LHP Liu-liang Zhu
Batting: LHB Jose Simental 0-0: Foul Ball, location: 2F
0-1: Ball
1-1: Fly out, F7 (Line Drive, 7S, EV 92.5 MPH)
Batting: RHB Mohammed bin Ubaida 0-0: Swinging Strike
0-1: Called Strike
0-2: Ball
1-2: Ball
2-2: Foul Ball, location: 2F
2-2: Strikes out swinging
Batting: RHB Wiliama Dana 0-0: Called Strike
0-1: Ball
1-1: Ground out 6-3 (Groundball, 6, EV 89.4 MPH)
Bottom of the 4th over - 0 runs, 0 hits, 0 errors, 0 left on base; Missoula 5 - Helena 6
TOP OF THE 5TH
Missoula Osprey batting - Pitching for Helena Brewers : LHP Mike Moffett
Batting: LHB Danny Salas 0-0: Swinging Strike
0-1: Foul Ball, location: 2F
0-2: Foul Ball, location: 2F
0-2: Ball
1-2: Ball
2-2: Strikes out swinging
Pitching: RHP Zachery Waff
Pinch Hitting: RHB Francisco Gutierrez 0-0: Fly out, F9 (Flyball, 89D, EV 106.2 MPH)
Batting: RHB David Powell 0-0: Ground out 4-3 (Groundball, 4, EV 102.5 MPH)
Top of the 5th over - 0 runs, 0 hits, 0 errors, 0 left on base; Missoula 5 - Helena 6
BOTTOM OF THE 5TH
Helena Brewers batting - Pitching for Missoula Osprey : LHP Liu-liang Zhu
Now at 2B: Francisco Gutierrez
Now in CF: Hyeok Shon
Batting: RHB Jeremy Harden 0-0: Ball
1-0: Called Strike
1-1: Ball
2-1: Swinging Strike
2-2: Ground out 6-3 (Groundball, 6, EV 93.1 MPH)
Batting: RHB Tony Beaumond 0-0: Called Strike
0-1: Ball
1-1: Ball
2-1: Foul Ball, location: 2F
2-2: Ball
3-2: Foul Ball, location: 2F
3-2: Strikes out swinging
Batting: RHB Michael Dickerson 0-0: Called Strike
0-1: Foul Ball, location: 2F
0-2: Foul Ball, location: 2F
0-2: Ball
1-2: Strikes out swinging
Bottom of the 5th over - 0 runs, 0 hits, 0 errors, 0 left on base; Missoula 5 - Helena 6
TOP OF THE 6TH
Missoula Osprey batting - Pitching for Helena Brewers : RHP Zachery Waff
Pinch Hitting: RHB Jonathan Mora 0-0: Called Strike
0-1: Called Strike
0-2: Foul Ball, location: 2F
0-2: Ball
1-2: Ball
2-2: Ball
3-2: Foul Ball, location: 2F
3-2: Strikes out looking
Batting: RHB Hyeok Shon 0-0: Called Strike
0-1: Swinging Strike
0-2: Strikes out looking
Batting: RHB Chris Jones 0-0: Ball
1-0: Swinging Strike
1-1: Ball
2-1: Swinging Strike
2-2: Strikes out swinging
Top of the 6th over - 0 runs, 0 hits, 0 errors, 0 left on base; Missoula 5 - Helena 6
BOTTOM OF THE 6TH
Helena Brewers batting - Pitching for Missoula Osprey : LHP Liu-liang Zhu
Now at 3B: Nelson Pelico
Batting: RHB Chris Fruit 0-0: Ball
1-0: Fly out, F9 (Line Drive, 89M, EV 97.5 MPH)
Batting: LHB Dusty Bryant 0-0: Ball
1-0: Called Strike
1-1: Ball
2-1: Fly out, F6 (Popup, 6MS, EV 84.4 MPH)
Pitching: RHP Sergio Reyes
Batting: RHB Steve Errico 0-0: Ball
1-0: Ball
2-0: Ball
3-0: Called Strike
3-1: Base on Balls
Batting: LHB Jose Simental 0-0: Foul Ball, location: 2F
0-1: 2-RUN HOME RUN (Flyball, 89XD, EV 101.2 MPH), Distance : 409 ft
Batting: RHB Mohammed bin Ubaida 0-0: Swinging Strike
0-1: Foul Ball, location: 2F
0-2: Ball
1-2: Strikes out swinging
Bottom of the 6th over - 2 runs, 1 hit, 0 errors, 0 left on base; Missoula 5 - Helena 8
TOP OF THE 7TH
Missoula Osprey batting - Pitching for Helena Brewers : RHP Zachery Waff
Batting: RHB Antonio Luisa 0-0: Ball
1-0: Called Strike
1-1: Ball
2-1: Ball
3-1: Fly out, F7 (Line Drive, 7LM, EV 91.9 MPH)
Batting: RHB Cesar Rendon 0-0: Called Strike
0-1: Ball
1-1: Called Strike
1-2: Ball
2-2: Ball
3-2: Strikes out swinging
Batting: RHB Edwin Romero 0-0: Ball
1-0: Called Strike
1-1: Swinging Strike
1-2: Ball
2-2: Foul Ball, location: 2F
2-2: Foul Ball, location: 2F
2-2: Ball
3-2: Strikes out swinging
Top of the 7th over - 0 runs, 0 hits, 0 errors, 0 left on base; Missoula 5 - Helena 8
BOTTOM OF THE 7TH
Helena Brewers batting - Pitching for Missoula Osprey : RHP Sergio Reyes
Batting: RHB Wiliama Dana 0-0: Foul Ball, location: 2F
0-1: Ball
1-1: SINGLE (Groundball, 15S, EV 68.8 MPH) (infield hit)
Batting: RHB Jeremy Harden 0-0: Ball
Wiliama Dana steals 2nd base
1-0: SINGLE (Groundball, 25, EV 70.0 MPH) (infield hit)
Wiliama Dana to third
Batting: RHB Tony Beaumond 0-0: Called Strike
0-1: Swinging Strike
0-2: Fielders Choice at 2nd, 4-6 (Groundball, 4, EV 82.5 MPH)
Wiliama Dana scores
Pitching: RHP Ramiz JambakurIan
Batting: RHB Michael Dickerson 0-0: Called Strike
0-1: Ball
1-1: Called Strike
1-2: Ball
2-2: 2-RUN HOME RUN (Flyball, 7D, EV 107.5 MPH), Distance : 390 ft
Batting: RHB Chris Fruit 0-0: Ball
1-0: Ball
2-0: Foul Ball, location: 2F
2-1: Foul Ball, location: 2F
2-2: Ground out 4-3 (Groundball, 4, EV 82.5 MPH)
Batting: LHB Dusty Bryant 0-0: Swinging Strike
0-1: Foul Ball, location: 2F
0-2: Foul Ball, location: 2F
0-2: Ground out 3-1 (Groundball, 34S, EV 90.6 MPH)
Bottom of the 7th over - 3 runs, 3 hits, 0 errors, 0 left on base; Missoula 5 - Helena 11
TOP OF THE 8TH
Missoula Osprey batting - Pitching for Helena Brewers : RHP Zachery Waff
Batting: LHB Danny Salas 0-0: Called Strike
0-1: Ball
1-1: Ground out U3 (Groundball, 34, EV 107.5 MPH)
Batting: RHB Francisco Gutierrez 0-0: Ball
1-0: Ball
2-0: Called Strike
2-1: Ball
3-1: Swinging Strike
3-2: Foul Ball, location: 2F
3-2: Base on Balls
Batting: RHB David Powell 0-0: Ball
1-0: Ball
2-0: Foul Ball, location: 2F
2-1: Ball
3-1: Foul Ball, location: 2F
3-2: Strikes out swinging
Batting: LHB Nelson Pelico 0-0: Called Strike
0-1: SINGLE (Line Drive, 4M, EV 106.2 MPH)
Francisco Gutierrez to second
Runner from 2nd tries for 3rd, SAFE, throw by CF made to third
Batting: RHB Hyeok Shon 0-0: Ball
1-0: Ball
2-0: Ball
3-0: Called Strike
3-1: Base on Balls
Nelson Pelico to second
Batting: RHB Chris Jones 0-0: Ball
1-0: Ball
2-0: Called Strike
2-1: Swinging Strike
2-2: Ball
3-2: Base on Balls
Francisco Gutierrez scores
Nelson Pelico to third
Hyeok Shon to second
Pitching: RHP Dave Bible
Batting: RHB Antonio Luisa 0-0: Called Strike
0-1: Ball
1-1: Ball
2-1: Foul Ball, location: 2F
2-2: Strikes out swinging
Top of the 8th over - 1 run, 1 hit, 0 errors, 3 left on base; Missoula 6 - Helena 11
BOTTOM OF THE 8TH
Helena Brewers batting - Pitching for Missoula Osprey : RHP Ramiz JambakurIan
Batting: RHB Steve Errico 0-0: SOLO HOME RUN (Flyball, 78XD, EV 100.0 MPH), Distance : 419 ft
Batting: LHB Jose Simental 0-0: Ball
1-0: SINGLE (Groundball, 4MD, EV 110.0 MPH)
Batting: RHB Mohammed bin Ubaida 0-0: Called Strike
0-1: Called Strike
0-2: Strikes out swinging
Batting: RHB Wiliama Dana 0-0: Foul Ball, location: 2F
0-1: SINGLE (Groundball, 6MD, EV 108.1 MPH)
Jose Simental to second
Batting: RHB Jeremy Harden 0-0: Called Strike
0-1: Ball
1-1: Called Strike
1-2: Ball
2-2: Strikes out looking
Batting: RHB Tony Beaumond 0-0: Foul Ball, location: 2F
0-1: Fly out, F8 (Flyball, 8RXD, EV 98.8 MPH)
Bottom of the 8th over - 1 run, 3 hits, 0 errors, 2 left on base; Missoula 6 - Helena 12
TOP OF THE 9TH
Missoula Osprey batting - Pitching for Helena Brewers : RHP Dave Bible
Batting: RHB Cesar Rendon 0-0: Ball
1-0: Foul Ball, location: 2F
1-1: Swinging Strike
1-2: Strikes out swinging
Batting: RHB Edwin Romero 0-0: Ball
1-0: Called Strike
1-1: Foul Ball, location: 2F
1-2: Ball
2-2: Ground out 4-3 (Groundball, 4, EV 101.2 MPH)
Batting: LHB Danny Salas 0-0: Ball
1-0: Ball
2-0: Swinging Strike
2-1: Ball
3-1: Base on Balls
Batting: RHB Francisco Gutierrez 0-0: Ball
1-0: Called Strike
1-1: Called Strike
1-2: Ball
2-2: Ground out 5-3 (Groundball, 25, EV 87.5 MPH)
Top of the 9th over - 0 runs, 0 hits, 0 errors, 1 left on base; Missoula 6 - Helena 12
Thursday, December 15th , 2022 - OOTP Baseball 23.9 Build 102